 Dungeon Crawl Stone Soup version 0.30-a0-782-ge64f9170bb (webtiles) character file.

Game seed: 2033437097117542952

235 DeathSun the Cudgeller (level 6, -8/39 HPs)
             Began as a Gargoyle Fighter on Mar 2, 2023.
             Mangled by an ogre
             ... wielding a +0 giant club
              (12 damage)
             ... on level 5 of the Dungeon.
             The game lasted 00:03:56 (2931 turns).

DeathSun the Cudgeller (Gargoyle Fighter)           Turns: 2931, Time: 00:03:57

Health: -8/39      AC: 11    Str: 21    XL:     6   Next: 6%
Magic:  6/6        EV:  9    Int:  9    God:
Gold:   410        SH:  4    Dex:  9    Spells: 5/5 levels left

rFire   . . .      SeeInvis .    a - +0 flail
rCold   . . .      Faith    .    c - +0 buckler
rNeg    + . .      Spirit   .    b - +0 scale mail
rPois   ∞          Reflect  .    (no helmet)
rElec   +          Harm     .    (no cloak)
rCorr   .          Rampage  .    (no gloves)
Will    .....                    (no boots) Stlth
                                 g - amulet of regeneration
HPRegen 1.06/turn                (no ring)
MPRegen 0.10/turn                (no ring)

@: no status effects
A: sickness immunity, AC +4, negative energy resistance 1, electricity
resistance, torment resistance 1, petrification resistance
a: no special abilities


You were on level 5 of the Dungeon.
You visited 1 branch of the dungeon, and saw 5 of its levels.

You collected 410 gold pieces.

Inventory:

Hand Weapons
 a - a +0 flail (weapon)
Armour
 b - a +0 scale mail (worn)
 c - a +0 buckler (worn)
 e - a +0 plate armour
Jewellery
 g - an amulet of regeneration (around neck)
 v - a ring of see invisible
Wands
 p - a wand of acid (9)
Scrolls
 f - 6 scrolls of identify {unknown}
 h - a scroll of silence {unknown}
 k - 3 scrolls of amnesia {unknown}
 m - 4 scrolls of noise {unknown}
 n - 2 scrolls of fog {unknown}
 q - 2 scrolls of teleportation {unknown}
 s - 2 scrolls of enchant weapon {unknown}
 u - a scroll of vulnerability {unknown}
 w - a scroll of poison {unknown}
Potions
 d - 2 potions of might
 i - a potion of attraction {unknown}
 j - 2 potions of heal wounds {unknown}
 l - 3 potions of flight {unknown}
 o - a potion of ambrosia {unknown}
 r - a potion of curing {unknown}
 t - 2 potions of brilliance {unknown}
 x - a potion of lignification {unknown}


   Skills:
 + Level 4.7 Fighting
 * Level 5.2 Maces & Flails
 - Level 3.2 Armour
 - Level 3.2 Shields


You had 5 spell levels left.
You didn't know any spells.
Your spell library was empty.

Dungeon Overview and Level Annotations

Branches:
Dungeon (5/15)
 Temple: D:4-7

Altars:
Ashenzari
Fedhas
Makhleb
Trog
Yredelemnul
Zin


Innate Abilities, Weirdness & Mutations

You are immune to sickness and miasma.
Your stone body is resilient. (AC +4)
You are immune to poison.
You resist negative energy. (rN+)
You are resistant to electric shocks. (rElec)
You are resistant to unholy torment.
You are immune to petrification.


Message History

The quokka closely misses you.
You closely miss the quokka. The quokka bites you.
You hit the quokka.
The quokka is lightly wounded.
The quokka closely misses you.
The quokka bites you but does no damage.
You closely miss the quokka.
The quokka is lightly wounded.
The quokka barely misses you.
You closely miss the quokka.
The quokka is lightly wounded.
The quokka barely misses you.
You sock the quokka!
You kill the quokka!
No target in view!
No target in view!
Found 3 stones.
An ogre comes into view. It is wielding a +0 giant club.
The ogre shouts!
An ogre is nearby!
An ogre is nearby!
You barely miss the ogre. The ogre barely misses you.
You hit the ogre.
The ogre is lightly wounded.
The ogre barely misses you.
You sock the ogre!
The ogre is heavily wounded.
The ogre completely misses you.
You barely miss the ogre.
The ogre is heavily wounded.
You hit the ogre.
The ogre is heavily wounded.
The ogre hits you with a +0 giant club!
You sock the ogre!
The ogre is almost dead.
The ogre hits you with a +0 giant club!!
Ouch! That really hurt!
* * * LOW HITPOINT WARNING * * *
The ogre attacks as you move away! The ogre hits you with a +0 giant club!
You die...

......# ......# ......#
......# ..... ...
#####O#########
#...@.........#
###.#.#######.# ### #.#.# #.#
#.# #.#(# #.# #.# #.#.# #.#
#.#####.#.## #.## #.......#..#
#..###### #..........#
#........
######..........#######.#.....


You could see an ogre.

Vanquished Creatures
  A hound (D:4)
  2 iguanas
  Jessica (D:3)
  3 adders
  2 adder zombies (D:3)
  3 worms
  2 dart slugs
  9 orcs
  5 ball pythons
  5 bats
  6 endoplasms
  3 giant cockroaches
  6 goblins
  2 hobgoblins
  7 kobolds
  6 quokkas
  2 frilled lizards (D:3)
  A giant cockroach zombie (D:3)
  4 rats
70 creatures vanquished.

Notes
Turn   | Place    | Note
-------+----------+-------------------------------------------
     0 | D:1      | DeathSun the Gargoyle Fighter began the quest for the Orb.
     0 | D:1      | Reached XP level 1. HP: 14/14 MP: 1/1
   350 | D:1      | Reached XP level 2. HP: 14/19 MP: 2/2
   715 | D:2      | Reached skill level 3 in Maces & Flails
   801 | D:2      | Reached XP level 3. HP: 20/23 MP: 3/3
  1415 | D:3      | Found a broken altar of Ashenzari.
  1415 | D:3      | Noticed Jessica
  1430 | D:3      | Killed Jessica
  1431 | D:3      | Reached XP level 4. HP: 29/29 MP: 4/4
  1532 | D:3      | Found a glowing silver altar of Zin.
  1568 | D:3      | Reached skill level 4 in Maces & Flails
  1679 | D:3      | Found a basalt altar of Yredelemnul.
  1741 | D:3      | Found a faded altar of an unknown god.
  1815 | D:3      | Found a bloodstained altar of Trog.
  2223 | D:4      | Reached XP level 5. HP: 33/33 MP: 5/5
  2435 | D:4      | Found a blossoming altar of Fedhas.
  2550 | D:4      | Found a burning altar of Makhleb.
  2565 | D:4      | Reached skill level 5 in Maces & Flails
  2698 | D:5      | Entered Level 5 of the Dungeon
  2761 | D:5      | Reached XP level 6. HP: 33/39 MP: 6/6
  2931 | D:5      | Mangled by an ogre

Illustrated notes

Levels and vault maps discovered:
D:1:      ncdulo_smallfort, layout_basic, amcnicky_mini_rare_corridor_liquid
D:2:      layout_basic, nicolae_kite_square_tiling_tiny
D:3:      layout_rooms, amcnicky_altar_gilded, nicolae_yredelemnul_corpse_copse,
          mainiacjoe_overflow_brackets, evilmike_ruin_ashenzari,
          hellmonk_ecumenical_altar_slurped_away, serial_curves, eino_curves_01,
          eino_curves_02, minmay_fractal_squares_gapless_5, uniq_jessica
D:4:      layout_rooms, makhleb_heckhound_becter, fedhas_altar_2,
          minmay_misc_feat_alley, minmay_surrounded
D:5:      layout_basic, nicolae_overflow_crystal_walls, minmay_ogre_servants

Skill      XL: |  1  2  3  4  5 |
---------------+----------------+-----
Maces & Flails | 3 4 5 |  5.2
Fighting       | 4 |  4.7
Armour         | |  3.2
Shields        | |  3.2

Action                     |  1- 3 |  4- 6 || total
---------------------------+-------+-------++-------
  Melee: Flail             |    81 |   183 ||   264
 Armour: Scale mail        |    45 |    96 ||   141
  Dodge: Dodged            |    54 |   121 ||   175
  Block: Buckler           |    23 |    46 ||    69

Table legend: (Time is in decaauts)
 A = Elapsed time spent in this place.
 B = Non-inter-level travel time spent in this place.
 C = Inter-level travel time spent in this place.
 D = Time resting spent in this place.
 E = Time spent auto-exploring this place.
 F = Levels seen in this place.
 G = Mean time per level.
                   A        B        C        D        E       F      G
               +--------+--------+--------+--------+--------+-----+--------+
         Total |   2993 |   2927 |     66 |      0 |   2304 |   5 |  598.6 |
       Dungeon |   2993 |   2927 |     66 |      0 |   2304 |   5 |  598.6 |
               +--------+--------+--------+--------+--------+-----+--------+

Top non-repeatable levels by time:
     D:3: 839 daAuts
     D:1: 718 daAuts
     D:2: 663 daAuts
     D:4: 535 daAuts
     D:5: 236 daAuts
